 Dungeon Crawl Stone Soup version 0.30-a0-883-g5ad918d77d (webtiles) character file.

Game seed: 974995060841419741

59 Newt the Trooper (level 3, -1/30 HPs)
             Began as a Demonspawn Gladiator on Mar 17, 2023.
             Slain by an orc priest
             ... wielding a +0 flail
              (7 damage)
             ... on level 3 of the Dungeon.
             The game lasted 00:02:38 (1830 turns).

Newt the Trooper (Demonspawn Gladiator)             Turns: 1830, Time: 00:02:39

Health: -1/30      AC:  5    Str: 16    XL:     3   Next: 78%
Magic:  3/3        EV: 12    Int:  9    God:
Gold:   203        SH:  0    Dex: 16    Spells: 2/2 levels left

rFire   . . .      SeeInvis .    f - +3 dagger
rCold   . . .      Faith    .    (no shield)
rNeg    . . .      Spirit   .    b - +0 leather armour
rPois   .          Reflect  .    c - +1 helmet
rElec   .          Rampage  .    (no cloak)
rCorr   .                        (no gloves)
Will    .....                    (no boots)
Stlth   +++                      (no amulet)
HPRegen 0.25/turn                (no ring)
MPRegen 0.08/turn                (no ring)

@: no status effects
A: thin skeletal structure 1, powered by death 1
a: no special abilities


You were on level 3 of the Dungeon.
You visited 1 branch of the dungeon, and saw 3 of its levels.

You collected 203 gold pieces.

Inventory:

Hand Weapons
 a - a +0 rapier
 f - a +3 dagger (weapon)
Missiles
 d - 3 throwing nets (quivered)
 e - a javelin
 i - 2 datura-tipped darts
Armour
 b - a +0 leather armour (worn)
 c - a +1 helmet (worn)
Potions
 g - 2 potions of curing
 h - a potion of flight
 j - a potion of mutation {unknown}
 k - a potion of magic {unknown}
 l - a potion of lignification {unknown}
 m - a potion of attraction {unknown}


   Skills:
 + Level 3.7 Fighting
 - Level 2.6 Short Blades
 - Level 1.7 Throwing
 - Level 2.6 Dodging
 - Level 1.5 Stealth


You had 2 spell levels left.
You didn't know any spells.
Your spell library contained the following spells:

 Spells                   Type           Power      Damage    Failure   Level
 Magic Dart               Conj           0%         1d3       45%         1
 Searing Ray              Conj           0%         2d4       58%         2
 Fulminant Prism          Conj/Hex       0%         3d5       99%         4


Dungeon Overview and Level Annotations

Branches:
Dungeon (3/15)

Altars:

Shops:
D:2 =


Innate Abilities, Weirdness & Mutations

You have a somewhat thin skeletal structure. (Dex +2, Stealth+)
You regenerate a little health from kills.


Message History

You hit the orc priest.
The orc priest is moderately wounded.
The orc hits you but does no damage. The orc priest barely misses you.
You completely miss the orc priest.
The orc priest is moderately wounded.
The orc hits you with a +0 short sword. The hobgoblin closely misses you.
The orc priest calls down the wrath of Beogh upon you.
Pain shoots through your body!
You hit the orc priest but do no damage.
The orc priest is moderately wounded.
The orc barely misses you.
The hobgoblin hits you but does no damage.
The orc hits you with a +0 hand axe. The orc hits you with a +0 dagger.
The orc priest hits you with a +0 flail.
You are too injured to fight recklessly!
You are too injured to fight recklessly!
You are too injured to fight recklessly!
You are too injured to fight recklessly!
Unknown command.
You feel better. The orc closely misses you.
The hobgoblin hits you but does no damage.
The orc hits you with a +0 hand axe. The orc hits you but does no damage.
The orc priest mumbles some strange prayers to Beogh against you.
Beogh smites you!
* * * LOW HITPOINT WARNING * * *
You hit the orc priest but do no damage.
The orc priest is moderately wounded.
The orc hits you but does no damage. The hobgoblin hits you.
* * * LOW HITPOINT WARNING * * *
The orc hits you with a +0 dagger.
* * * LOW HITPOINT WARNING * * *
The orc priest closely misses you. The orc hits you but does no damage.
You closely miss the orc priest.
The orc priest is lightly wounded.
The orc hits you with a +0 short sword.
* * * LOW HITPOINT WARNING * * *
The hobgoblin closely misses you. The orc hits you but does no damage.
The orc misses you.
The orc priest hits you with a +0 flail!
You die...

#.#####.#
###.......##
#.............#
#........+++++#
#.....#+.+
#..$..#..+
#.....#..+
#.....#..+
#.o@o.#.#.
#.oog.#
#..o....#
#.......#
#.......#
###.......
#?...##.#
###### .#


You could see an orc priest, 4 orcs and a hobgoblin.

Vanquished Creatures
  An adder (D:2)
  A worm (D:2)
  3 dart slugs (D:1)
  4 endoplasms
  2 giant cockroaches
  5 goblins (D:1)
  2 hobgoblins
  A quokka (D:2)
  7 ball pythons
  3 frilled lizards
  7 kobolds
  3 rats
39 creatures vanquished.

Notes
Turn   | Place    | Note
-------+----------+-------------------------------------------
     0 | D:1      | Newt the Demonspawn Gladiator began the quest for the Orb.
     0 | D:1      | Reached XP level 1. HP: 16/16 MP: 1/1
    96 | D:1      | Reached skill level 1 in Stealth
   234 | D:1      | Gained mutation: You have a somewhat thin skeletal
                  | structure. (Dex +2, Stealth+) [demonic ancestry]
   234 | D:1      | Reached XP level 2. HP: 22/22 MP: 2/2
   578 | D:1      | Reached skill level 3 in Fighting
   578 | D:1      | Gained mutation: You regenerate a little health from kills.
                  | [demonic ancestry]
   578 | D:1      | Reached XP level 3. HP: 22/29 MP: 3/3
   944 | D:2      | Found Osebuatosch's Jewellery Boutique.
  1830 | D:3      | Slain by an orc priest

Illustrated notes

Levels and vault maps discovered:
D:1:      evilmike_arrival_rings, layout_basic
D:2:      layout_loops_corners, serial_shops, shop, corexii_corridor_pit,
          kennysheep_small_spiral
D:3:      layout_basic, hellmonk_ecumenical_altar_heavens_door

Skill      XL: |  1  2 |
---------------+-------+-----
Stealth        | 1 |  1.5
Fighting       | 3 |  3.7
Short Blades   | |  2.6
Throwing       | |  1.7
Dodging        | |  2.6

Action                     || total
---------------------------++-------
  Melee: Rapier            ||   112
         Punch             ||     1
         Dagger            ||     6
    Use: Scroll            ||     5
         Potion            ||     2
   Stab: Sleeping          ||     6
 Armour: Leather armour    ||    34
  Dodge: Dodged            ||    66

Table legend: (Time is in decaauts)
 A = Elapsed time spent in this place.
 B = Non-inter-level travel time spent in this place.
 C = Inter-level travel time spent in this place.
 D = Time resting spent in this place.
 E = Time spent auto-exploring this place.
 F = Levels seen in this place.
 G = Mean time per level.
                   A        B        C        D        E       F      G
               +--------+--------+--------+--------+--------+-----+--------+
         Total |   1837 |   1780 |     57 |      0 |   1474 |   3 |  612.3 |
       Dungeon |   1837 |   1780 |     57 |      0 |   1474 |   3 |  612.3 |
               +--------+--------+--------+--------+--------+-----+--------+

Top non-repeatable levels by time:
     D:2: 1016 daAuts
     D:1: 783 daAuts
     D:3: 37 daAuts
